 Dungeon Crawl Stone Soup version 0.27.1-1-g398f81649c (webtiles) character file.

Game seed: 6360678348241934151

2401 styxcanada the Covert (level 9, -11/44 HPs)
             Began as a Spriggan Brigand on Sept 19, 2021.
             Was an Initiate of Gozag.
             Mangled by a boulder beetle (18 damage)
             ... on level 7 of the Dungeon.
             The game lasted 00:30:22 (7599 turns).

styxcanada the Covert (Spriggan Brigand)            Turns: 7599, Time: 00:30:23

Health: -11/44     AC: 12    Str:  7    XL:     9   Next: 23%
Magic:  11/16      EV: 28    Int: 13    God:    Gozag
Gold:   635        SH: 14    Dex: 19    Spells: 10/16 levels left

rFire    . . .     SeeInvis +   q - +3 short sword (protect)
rCold    + . .     Faith    .   B - +2 buckler {rC+}
rNeg     . . .     Spirit   .   b - +0 robe
rPois    .         Reflect  +   (helmet restricted)
rElec    .         Harm     .   v - +2 cloak
rCorr    .         Rampage  .   (gloves unavailable)
Will     +....                  (boots unavailable)
Stlth    +++++.....             h - amulet of reflection
HPRegen  0.14/turn              y - +4 ring of evasion
MPRegen  0.15/turn              p - +4 ring of evasion

@: under a protective aura, very quick
A: very small, no large weapons, unfitting armour, see invisible, speed 3
a: Renounce Religion, Potion Petition, Call Merchant, Bribe Branch


You were on level 7 of the Dungeon.
You worshipped Gozag.
Gozag was pleased with you.
You visited 2 branches of the dungeon, and saw 8 of its levels.

You collected 688 gold pieces.
You paid 53 gold pieces to Gozag.

Inventory:

Hand Weapons
 a - a +2 dagger
 l - a +4 quarterstaff of chaos
 q - a +3 short sword of protection (weapon)
 s - a +2 vampiric short sword
 t - a +1 hunting sling of freezing
Missiles
 d - 9 poisoned darts (quivered)
 e - 2 curare-tipped darts
 f - 241 stones
 w - 19 sling bullets
Armour
 b - a +0 robe (worn)
 v - a +2 cloak (worn)
 B - a +2 buckler of cold resistance (worn)
Jewellery
 h - an amulet of reflection (around neck)
 o - a ring of willpower
 p - a +4 ring of evasion (right hand)
 y - a +4 ring of evasion (left hand)
Scrolls
 c - a scroll of fog
 j - 3 scrolls of summoning
 n - 2 scrolls of amnesia
 u - a scroll of fear
Potions
 g - a potion of haste
 i - a potion of berserk rage
 k - a potion of mutation
 m - a potion of lignification
 r - a potion of brilliance
 x - a potion of might
 z - 4 potions of curing
 A - 2 potions of cancellation


   Skills:
 + Level 3.5 Fighting
 + Level 5.1 Short Blades
 + Level 3.4 Throwing
 * Level 5.7 Dodging
 * Level 11.3 Stealth
 * Level 2.3 Shields
 * Level 4.1 Spellcasting
 * Level 4.0 Hexes
 * Level 2.7 Ice Magic


You had 10 spell levels left.
You knew the following spells:

 Your Spells              Type           Power      Damage    Failure   Level
a - Ensorcelled Hibernat  Hex/Ice        22%        N/A       11%         2
b - Cause Fear            Hex            6%         N/A       47%         4

Your spell library contained the following spells:

 Spells                   Type           Power      Damage    Failure   Level
 Inner Flame              Hex/Fire       8%         N/A       36%         3
 Corpse Rot               Necr/Air       N/A        N/A       41%         2
 Spider Form              Tmut/Pois      1%         N/A       65%         3
 Dispel Undead            Necr           2%         3d7       96%         4
 Death Channel            Necr           1%         N/A       100%        6
 Shadow Creatures         Summ           N/A        N/A       100%        6
 Discord                  Hex            6%         N/A       100%        8


Dungeon Overview and Level Annotations

Branches:
Dungeon (7/15)             Temple (1/1) D:4

Altars:
Cheibriados
Elyvilon
Fedhas
Gozag
Hepliaklqana
Kikubaaqudgha
Ru
Uskayaw
Vehumet
Wu Jian
Xom
Yredelemnul

Annotations:
D:6 1 runed translucent door, pkoi's ghost, novice TrMo


Innate Abilities, Weirdness & Mutations

You are very small and have problems with some larger weapons.
You are too small for most types of armour.
You have supernaturally acute eyesight. (SInv)
You cover ground extremely quickly. (Speed+++)


Message History

You hit the boulder beetle but do no damage.
The boulder beetle is lightly wounded.
The boulder beetle completely misses you.
Casting: Ensorcelled Hibernation (safe; 11% risk of failure)
Confirm with . or Enter, or press ? or * to list all spells.
Aiming: Ensorcelled Hibernation (safe; 11% risk of failure)
Press: ? - help, Shift-Dir - straight line, f/p - boulder beetle
Aim: a boulder beetle (lightly wounded, chance to affect: 26%)
The boulder beetle resists with almost no effort.
The boulder beetle leaps!
You barely miss the boulder beetle.
The boulder beetle is lightly wounded.
The boulder beetle completely misses you.
You hit the boulder beetle but do no damage.
The boulder beetle is lightly wounded.
The boulder beetle misses you.
You hit the boulder beetle but do no damage.
The boulder beetle is lightly wounded.
The boulder beetle bites you.
You hit the boulder beetle but do no damage.
The boulder beetle is lightly wounded.
Casting: Ensorcelled Hibernation (safe; 11% risk of failure)
Confirm with . or Enter, or press ? or * to list all spells.
Aiming: Ensorcelled Hibernation (safe; 11% risk of failure)
Press: ? - help, Shift-Dir - straight line, f/p - boulder beetle
Aim: a boulder beetle (lightly wounded, chance to affect: 26%)
The boulder beetle looks drowsy...
The helpless boulder beetle fails to defend itself.
You impale the boulder beetle!!
The boulder beetle is heavily wounded.
The boulder beetle misses you.
You hit the boulder beetle but do no damage.
The boulder beetle is heavily wounded.
The boulder beetle bites you!
* * * LOW HITPOINT WARNING * * *
You hit the boulder beetle but do no damage.
The boulder beetle is heavily wounded.
The boulder beetle bites you!!
You die...
Your body crumbles into a pile of gold.

................................[
....[...#######..................
........# #..........########
........# ###...#..#.# #
#####..##### #..........## ####
#......#########.#....####...
##.....#.......#.##..........
#.....#.......####.....##...
#.....#..[♣@B.#.............
#.....#..♣♣♣..#.............
##....#...♣...#.............
#.....#.......####..#.###...
#.....#.......####.##.###...
#.....####'####........#####
##......##.# ####.###......
##....##..# #.. #.#####
##......#######.# #.# ##


You could see a boulder beetle.

Vanquished Creatures
  A wyvern (D:4)
  A water moccasin (D:6)
  2 hornet zombies
  A sky beast (D:5)
  A black bear (D:5)
  3 necrophages
  5 ogres
  2 wyvern zombies (D:7)
  2 bullfrogs
  3 scorpions
  A water moccasin zombie (D:7)
  A water moccasin skeleton (D:3)
  A bullfrog zombie (D:5)
  An orc priest (D:5)
  Crazy Yiuf (D:2)
  3 hounds
  A bullfrog skeleton (D:6)
  4 iguanas
  An orc wizard (D:5)
  3 hound skeletons
  2 howler monkey zombies
  A howler monkey skeleton (D:6)
  7 adders
  2 white imps
  2 worms
  3 dart slugs
  12 orcs
  9 ball pythons
  11 endoplasms
  3 giant cockroaches (D:1)
  4 goblins
  6 hobgoblins
  4 jackals (D:1)
  A quokka (D:4)
  3 bats
  5 frilled lizards
  9 kobolds
  9 rats
  A toadstool (D:1)
132 creatures vanquished.

Vanquished Creatures (others)
  3 toadstools (D:1)
3 creatures vanquished.

Grand Total: 135 creatures vanquished

Notes
Turn   | Place    | Note
-------+----------+-------------------------------------------
     0 | D:1      | styxcanada the Spriggan Brigand began the quest for the
                  | Orb.
     0 | D:1      | Reached XP level 1. HP: 10/10 MP: 2/2
   196 | D:1      | Reached skill level 6 in Stealth
   357 | D:1      | Reached XP level 2. HP: 13/14 MP: 3/3
   751 | D:1      | Reached skill level 7 in Stealth
   961 | D:1      | Found a faded altar of an unknown god.
  1543 | D:2      | Reached XP level 3. HP: 18/18 MP: 4/4
  1763 | D:2      | Found a runed translucent door.
  1764 | D:2      | Noticed Crazy Yiuf
  1803 | D:2      | Killed Crazy Yiuf
  1804 | D:2      | Reached XP level 4. HP: 23/23 MP: 5/5
  1942 | D:2      | Learned a level 2 spell: Ensorcelled Hibernation
  2287 | D:3      | Reached skill level 8 in Stealth
  2287 | D:3      | Reached XP level 5. HP: 26/26 MP: 6/6
  3168 | D:4      | Reached skill level 1 in Spellcasting
  3168 | D:4      | Reached skill level 1 in Hexes
  3239 | D:4      | Reached skill level 9 in Stealth
  3239 | D:4      | Reached XP level 6. HP: 30/30 MP: 8/8
  3435 | D:4      | Reached skill level 1 in Ice Magic
  3683 | D:4      | Found a staircase to the Ecumenical Temple.
  3690 | Temple   | Entered the Ecumenical Temple
  3714 | Temple   | Became a worshipper of Gozag Ym Sagoz the Greedy
  3750 | D:4      | Reached XP level 7. HP: 35/35 MP: 10/10
  3864 | D:4      | Noticed a wyvern
  3915 | D:4      | Killed a wyvern
  3916 | D:4      | Reached skill level 1 in Shields
  4470 | D:5      | Entered Level 5 of the Dungeon
  4551 | D:5      | Reached skill level 10 in Stealth
  4836 | D:5      | Reached XP level 8. HP: 11/39 MP: 12/12
  5611 | D:6      | Learned a level 4 spell: Cause Fear
  5628 | D:6      | Found a snail-covered altar of Cheibriados.
  5658 | D:6      | Found a runed translucent door.
  5659 | D:6      | Found a shimmering altar of Xom.
  5659 | D:6      | Noticed pkoi's ghost (novice TrMo)
  5660 | D:6      | Noticed a +0 hand axe of chaos
  6266 | D:6      | Reached skill level 11 in Stealth
  6784 | D:6      | Reached skill level 5 in Dodging
  7022 | D:6      | Reached XP level 9. HP: 44/44 MP: 15/15
  7303 | D:7      | Reached skill level 5 in Short Blades
  7479 | D:7      | Identified a scroll of acquirement
  7479 | D:7      | Acquired a +2 buckler of cold resistance
  7540 | D:7      | Noticed a boulder beetle
  7599 | D:7      | Mangled by a boulder beetle

Illustrated notes

Levels and vault maps discovered:
D:1:      ldierk_water_garden, layout_loops_cross,
          hellmonk_ecumenical_altar_arch_garden
D:2:      layout_basic, uniq_crazy_yiuf_cottage
D:3:      layout_rooms, kennysheep_generic_room_11
D:4:      minmay_bubble_buster, layout_rooms, minmay_temple_entry_tees
D:5:      kb_forest_paths, layout_loops_ring, minmay_misc_feat_five
D:6:      layout_basic, overflow_temple_1_default, ebering_ghost_xom,
          kennysheep_generic_room_5
D:7:      layout_rooms, kennysheep_generic_room_8
Temple:   compressed_dpeg_circular_temple

Skill      XL: |  1  2  3  4  5  6  7  8  9 |
---------------+----------------------------+-----
Stealth        | 6 7 8 9 10 11 | 11.3
Dodging        | 2 3 5 |  5.7
Fighting       | 2 3 |  3.5
Spellcasting   | 1 2 3 4 |  4.1
Hexes          | 1 2 3 4 |  4.0
Ice Magic      | 1 2 |  2.7
Short Blades   | 3 4 5 |  5.1
Shields        | 1 2 |  2.3
Throwing       | 3 |  3.4

Action                   |  1- 3 |  4- 6 |  7- 9 || total
-------------------------+-------+-------+-------++-------
Melee: Dagger            |   103 |    82 |       ||   185
       Short sword       |       |    46 |   349 ||   395
Throw: Dart              |    24 |    31 |    48 ||   103
 Cast: Ensorcelled Hiber |       |       |    16 ||    16
  Use: Scroll            |       |     4 |    13 ||    17
       Potion            |       |       |     5 ||     5
 Stab: Sleeping          |    10 |    30 |    18 ||    58
       Distracted        |       |       |     4 ||     4
Armor: Robe              |     2 |    17 |    25 ||    44
Dodge: Dodged            |    52 |    65 |   228 ||   345
Block: Other             |     6 |    21 |    48 ||    75
       Reflection        |       |     3 |       ||     3
       Buckler           |       |       |    26 ||    26
